 Dungeon Crawl Stone Soup version 0.31-a0-795-g5eb97db20b (webtiles) character file.

Game seed: 8403444858676541612

3017 lunkers the Martial Artist (level 10, 0/79 (81) HPs)
             Began as a Meteoran Shapeshifter on Sept 18, 2023.
             Was a Priest of Okawaru.
             Slain by a wight
             ... wielding a +3 short sword
              (2 damage)
             ... on level 7 of the Dungeon.
             The game lasted 00:11:29 (3486 turns).

lunkers the Martial Artist (Meteoran Shapeshifter)  Turns: 3486, Time: 00:11:30

HP:   0/79 (81)     AC:  2    Str: 16    XL:     10   Next: 31%
MP:   13/14         EV: 17    Int: 11    God:    Okawaru [***...]
Gold: 274           SH:  0    Dex: 19    Spells: 9/9 levels left

rFire   + .          .
                       - Unarmed
rCold   . . .        (no shield)
rNeg    . . .        j - +0 ring mail
rPois   .            (helmet currently unavailable)
rElec   .            (cloak currently unavailable)
rCorr   .            (gloves currently unavailable)
SInv    .            (boots currently unavailable)
Will    +....        C - amulet of Qed Hiba {Faith rF+}
Stlth   +            e - +4 ring of protection
HPRegen 0.33/turn    D - ring of wizardry
MPRegen 0.14/turn

%: faith, wizardry (x1)
@: beast-form, heroic, corroded, glowing, lightly drained
A: beast (slay +4), sense surroundings 2, otherworldly, glowing, explore regen
a: Begin Untransformation, Renounce Religion, Heroism


You were on level 7 of the Dungeon.
You worshipped Okawaru.
Okawaru was most pleased with you.
You were a hulking beast.
You visited 1 branch of the dungeon, and saw 7 of its levels.
You also visited: Sewer.

You collected 274 gold pieces.

Inventory:

Missiles
 a - a throwing net
Armour
 g - an orb of mayhem
 j - a +0 ring mail (worn)
 m - a +0 cloak
 s - a +0 buckler
Jewellery
 e - a +4 ring of protection (left hand)
 C - the amulet of Qed Hiba (around neck) {Faith rF+}
   (You found it on level 4 of the Dungeon)

   [amulet of faith]

   Faith:     It allows you to gain divine favour quickly.
   rF+:       It protects you from fire.
 D - a ring of wizardry (right hand)
Talismans
 c - a beast talisman (active)
 d - a flux talisman
Wands
 p - a wand of iceblast (5)
Scrolls
 i - a scroll of silence
 n - a scroll of blinking
 o - a scroll of teleportation
 q - a scroll of vulnerability
Potions
 b - a potion of might {unknown}
 f - a potion of cancellation {unknown}
 h - 3 potions of curing
 k - a potion of invisibility {unknown}
 l - 2 potions of ambrosia
 u - a potion of experience {unknown}
 v - a potion of haste {unknown}
 z - 2 potions of lignification
 A - 3 potions of degeneration {unknown}
 B - 4 potions of enlightenment
 F - a potion of berserk rage {unknown}
 G - 2 potions of mutation {unknown}


   Skills:
 + Level 5.0(10.0) Fighting
 + Level 5.4(10.4) Dodging
 * Level 11.5(16.5) Unarmed Combat
 - Level 4.0 Invocations
 + Level 7.9 Shapeshifting


You had 9 spell levels left.
You didn't know any spells.
Your spell library contained the following spells:

 Spells                   Type           Power      Damage    Failure   Level
 Apportation              Tloc           0%         N/A       26%         1
 Necrotise                Necr           0%         1d4       26%         1
 Blink                    Tloc           0%         N/A       34%         2
 Cigotuvi's Dreadful Rot  Necr/Pois/Air  0%         N/A       34%         2
 Lesser Beckoning         Tloc           0%         N/A       34%         2
 Momentum Strike          Conj/Tloc      0%         3d8       34%         2
 Poisonous Vapours        Pois/Air       0%         N/A       34%         2
 Mephitic Cloud           Conj/Pois/Air  0%         N/A       56%         3
 Dimensional Bullseye     Hex/Tloc       0%         N/A       91%         4
 Dispel Undead            Necr           0%         3d6       91%         4
 Iskenderun's Mystic Bla  Conj/Tloc      0%         2d3       91%         4
 Freezing Cloud           Conj/Ice/Air   0%         6-21      99%         5
 Summon Small Mammal      Summ           Unusable   N/A       N/A         1
 Tukima's Dance           Hex            Unusable   N/A       N/A         3
 Death Channel            Necr           Unusable   N/A       N/A         6

Dungeon Overview and Level Annotations

Branches:
Dungeon (7/15) Zot: 1178   Temple (0/1) D:7           Sewer (visited)

Altars:
Fedhas
Nemelex Xobeh
Okawaru
Qazlal
Wu Jian

Shops:
D:6 **:*

Annotations:
D:4 exclusion: oklob plant


Innate Abilities, Weirdness & Mutations

You are a hulking beast.
Your limbs bulge with bestial killing power. (Slay +4)
You passively map the area around you.
You are easily found by Zot.
You glow in the dark.
You regain HP and MP as you explore.


Message History

You punch the bullfrog!
You kill the bullfrog!
Okawaru accepts your kill. 3 wights come into view.
The acid dragon spits acid at you. The splash of acid hits you!
* * * LOW HITPOINT WARNING * * *
The acid corrodes you!
A killer bee comes into view.
A killer bee comes into view.
The killer bee buzzes angrily. x2; You hear an angry buzzing noise.
You gain the combat prowess of a mighty hero.
The acid dragon spits acid at you. The splash of acid hits you!!
* * * LOW HITPOINT WARNING * * *
The acid corrodes you! The acid dragon bites you!
* * * LOW HITPOINT WARNING * * *
The acid dragon claws you.
* * * LOW HITPOINT WARNING * * *
You hit the acid dragon but do no damage.
The acid dragon barely misses you. The acid dragon closely misses you.
You pummel the acid dragon!!
The acid dragon is almost dead.
A killer bee comes into view.
The wight barely misses you. The acid dragon completely misses you.
The acid dragon closely misses you.
You hit the acid dragon.
You kill the acid dragon!
Okawaru accepts your kill.
Your base Fighting skill increases to level 5!
Unknown command.
The wight completely misses you. The wight barely misses you.
The wight attacks as it pursues you! The wight hits you with a +1 dagger.
* * * LOW HITPOINT WARNING * * *
The wight hits you with a +3 short sword!
* * * LOW HITPOINT WARNING * * *
You feel drained.
You die...

**,........,*,,....####.###..
*,,#......##*###...#...###..
**,,,.......###.......#...#..
**>,***#.............##.......
*,,** #.....##.###...........
*,** #...#y#..# #........... *,*
#.....y.####........... *,*
###.zzz.....##########. **,*
*#.#.h######,,,,,,,,## *,,*
*#..##....#*,,,,,,,,,,# *,*****
#..#*####.#,,,,,,,,,,,, **,*,,,*
#.#*******#,,,,,,,,,,,,
**,,*,,,**#.***,,,,*,,,********,,
,,,,,,,,**..,,,,****,,**,8,,8,**,
,,,,,,,,,,,,,,,,***,,**,,,,,,,,**
,,,,,,,,**,,,,,,,**,**,,******,,*
,,,,,,,,**,,,,,,**,,*,,**,,,,**,,


You could see 2 killer bees and 3 wights.

Vanquished Creatures
  Jeremiah (D:7)
  Sigmund (D:4)
  A wyvern (D:7)
  An acid dragon (D:7)
  An ice beast (D:5)
  A sky beast (D:3)
  An orc warrior (D:7)
  A centaur (D:6)
  An ogre (D:5)
  2 phantoms
  6 kobold brigands
  A bullfrog (D:7)
  2 scorpions (D:6)
  9 wights
  3 hounds
  3 orc priests
  A gnoll bouda (D:7)
  2 iguanas (D:4)
  Terence (D:3)
  6 orc wizards
  4 gnolls
  6 adders
  A river rat (Sewer)
  3 white imps
  An ufetubus (D:5)
  4 worms
  A dart slug (D:1)
  22 orcs
  6 endoplasms
  A giant cockroach (D:3)
  8 hobgoblins
  15 kobolds
  4 quokkas
  8 ball pythons
  4 bats
  7 frilled lizards
  3 goblins (D:2)
  7 rats
150 creatures vanquished.

Notes
Turn   | Place    | Note
-------+----------+-------------------------------------------
     0 | D:1      | lunkers the Meteoran Shapeshifter began the quest for the
                  | Orb.
     0 | D:1      | Reached XP level 1. HP: 16/16 MP: 2/2
    55 | D:1      | Reached XP level 2. HP: 8/23 MP: 3/3
    58 | D:1      | Reached skill level 4 in Unarmed Combat
   209 | D:1      | Reached XP level 3. HP: 28/28 MP: 4/4
   681 | D:2      | Reached XP level 4. HP: 35/35 MP: 5/5
   760 | D:2      | Reached skill level 5 in Unarmed Combat
  1066 | D:3      | Reached XP level 5. HP: 40/40 MP: 6/6
  1158 | D:3      | Noticed a sky beast
  1174 | D:3      | Killed a sky beast
  1175 | D:3      | Reached skill level 6 in Unarmed Combat
  1175 | D:3      | Reached XP level 6. HP: 22/47 MP: 7/7
  1199 | D:3      | Found a glowing drain.
  1200 | D:3      | Noticed Terence
  1211 | D:3      | Killed Terence
  1212 | D:3      | Reached skill level 5 in Shapeshifting
  1287 | Sewer    | Entered a sewer
  1334 | Sewer    | Reached skill level 7 in Unarmed Combat
  1462 | Sewer    | Reached XP level 7. HP: 29/52 MP: 8/8
  1607 | Sewer    | Reached skill level 8 in Unarmed Combat
  1667 | Sewer    | Glimpsed the power of Zot.
  1915 | D:3      | Reached XP level 8. HP: 54/59 MP: 9/9
  1929 | D:3      | Found a faded altar of an unknown god.
  1932 | D:3      | Prayed at the altar of an unknown god.
  1932 | D:3      | Became a worshipper of Warmaster Okawaru
  1932 | D:3      | Reached * piety under Okawaru
  2123 | D:4      | Found a stormy altar of Qazlal.
  2223 | D:4      | Identified the amulet of Qed Hiba {Faith rF+}
  2314 | D:4      | Noticed Sigmund
  2317 | D:4      | Killed Sigmund
  2318 | D:4      | Reached skill level 1 in Invocations
  2405 | D:4      | Reached skill level 9 in Unarmed Combat
  2460 | D:4      | Found a blossoming altar of Fedhas.
  2474 | D:4      | Noticed an oklob plant
  2533 | D:5      | Entered Level 5 of the Dungeon
  2577 | D:5      | Found a sparkling altar of Nemelex Xobeh.
  2578 | D:5      | Found an ornate altar of the Wu Jian Council.
  2691 | D:5      | Reached ** piety under Okawaru
  2702 | D:5      | Gained mutation: You passively map the area around you.
                  | [Meteoran growth]
  2702 | D:5      | Reached XP level 9. HP: 28/68 MP: 11/11
  2864 | D:6      | Found Nufabaph's Assorted Antiques.
  2881 | D:6      | Reached skill level 10 in Unarmed Combat
  2925 | D:6      | Found Alosunk's General Store.
  2937 | D:6      | Found Fehil's Book Shop.
  3002 | D:6      | Reached *** piety under Okawaru
  3117 | D:7      | Found a staircase to the Ecumenical Temple.
  3207 | D:7      | Reached XP level 10. HP: 28/79 MP: 12/14
  3207 | D:7      | Noticed Jeremiah
  3292 | D:6      | Reached skill level 5 in Dodging
  3292 | D:6      | Reached skill level 11 in Unarmed Combat
  3293 | D:6      | HP: 3/69 [white imp/puff of frost (2)]
  3316 | D:6      | Found Deora's General Store.
  3399 | D:7      | Killed Jeremiah
  3483 | D:7      | Reached skill level 5 in Fighting
  3486 | D:7      | HP: 2/81 [wight/+3 short sword (9)]
  3486 | D:7      | Slain by a wight

Illustrated notes

Levels and vault maps discovered:
D:1:      amcnicky_arrival_wind_blow, layout_loops_cross,
          nicolae_concentric_dashed_squares_mild
D:2:      layout_basic, nicolae_concentric_dashed_squares_wild,
          roderic_lattice_a, minmay_puff, uniq_crazy_yiuf_cottage
D:3:      layout_loops_ring, cheibrodos_sewer_entry_sluice,
          hellmonk_ecumenical_altar_defaced_shrine, minivault_11,
          chequers_decorated_corner, uniq_terence
D:4:      layout_basic, tgw_fedhas, overflow_temple_1_default, uniq_sigmund
D:5:      layout_rooms, mainiacjoe_overflow_catwalk,
          mainiacjoe_overflow_tiny_flanked
D:6:      layout_rooms, serial_shops, shop, nicolae_shop_hallway_stairs,
          nicolae_shop_overgrown_old_shop, shop
D:7:      layout_rooms, doesnt_xom_only_xom, temple_statues, nzn_random_ring,
          uniq_jeremiah

Skill      XL: |  1  2  3  4  5  6  7  8  9 10 |
---------------+-------------------------------+-----
Unarmed Combat | 4 5 6 7 8 9 10 11 | 11.5
Shapeshifting  | 4 5 6 7 |  7.9
Invocations    | 2 4 |  4.0
Fighting       | 2 4 5 |  5.0
Dodging        | 3 4 5 |  5.4

Action                     |  1- 3 |  4- 6 |  7- 9 | 10-12 || total
---------------------------+-------+-------+-------+-------++-------
  Melee: Unarmed           |    59 |   107 |   259 |    48 ||   473
         Punch             |     4 |     5 |    10 |     1 ||    20
 Invoke: Heroism           |       |       |     1 |     3 ||     4
    Use: Potion            |       |     1 |     1 |       ||     2
         Scroll            |       |       |    12 |     1 ||    13
 Armour: Animal skin       |    18 |       |       |       ||    18
         Ring mail         |    14 |    53 |   171 |    27 ||   265
         Skin              |       |     2 |       |       ||     2
  Dodge: Dodged            |    31 |    46 |   153 |    31 ||   261

Table legend: (Time is in decaauts)
 A = Elapsed time spent in this place.
 B = Non-inter-level travel time spent in this place.
 C = Inter-level travel time spent in this place.
 D = Time resting spent in this place.
 E = Time spent auto-exploring this place.
 F = Levels seen in this place.
 G = Mean time per level.
                   A        B        C        D        E       F      G
               +--------+--------+--------+--------+--------+-----+--------+
         Total |   3555 |   3462 |     93 |     26 |   2056 |   8 |  444.4 |
       Dungeon |   3020 |   2927 |     93 |     26 |   1906 |   7 |  431.4 |
         Sewer |    534 |    534 |      0 |      0 |    150 |   1 |  534.0 |
               +--------+--------+--------+--------+--------+-----+--------+

Top non-repeatable levels by time:
     D:3: 645 daAuts
     D:2: 539 daAuts
   Sewer: 534 daAuts
     D:1: 494 daAuts
     D:6: 456 daAuts
     D:4: 424 daAuts
     D:5: 285 daAuts
     D:7: 173 daAuts
